Yev-Ruu, chaotic female vampiric Convict .... ...... .>C@G.- ..._Z...- ....)..... ...))[)... ......<..- .......- ... Yev-Ruu the Jail-bird Experience level: 7 Strength: 17 Dexterity: 12 Constitution: 20 Intelligence: 13 Wisdom: 11 Charisma: 8 Health: 0(75) Energy: 43(43) AC: 5 Gold: 10 Moves: 2061 Your Inventory: Coins $ - 10 gold pieces Armor b - a cursed +0 striped shirt (being worn) p - an [uncursed] +0 leather cloak (being worn) r - an [uncursed] +0 pair of hard shoes [iron] (being worn) C - an [uncursed] +0 iron skull cap [orcish helm] (being worn) D - an [uncursed] +0 white-handed shield [Uruk-hai] (being worn) Potions B - a [blessed] ochre potion [of booze] Tools f - an [uncursed] bag called Hold [of holding] v - an [uncursed] partly used [tallow] candle (lit) E - 2 [uncursed tallow] candles Iron balls c - an [uncursed] heavy iron ball (chained to you) (weapon in hand) Contents of the bag of holding: 461 gold pieces 10 [blessed +2] crossbow bolts [of frost] an [uncursed] scroll labeled ELBIB YLOH [of create monster] a [blessed] scroll labeled FOOBIE BLETCH [of destroy armor] 2 [uncursed] scrolls labeled HAPAX LEGOMENON [of genocide] an [uncursed] scroll labeled LEP GEX VEN ZEA [of earth] a [blessed] scroll labeled MAPIRO MAHAMA DIROMAT [of magic mapping] a [blessed] scroll labeled PRATYAVAYAH [of enchant armor] 4 [uncursed] unlabeled scrolls [of blank paper] an [uncursed] cloudy potion [of monster detection] an [uncursed] pink potion [of blindness] an [uncursed] potion called acid [of acid] an [uncursed] wand of speed monster [0:3] an [uncursed] bag [sack] an [uncursed oil] lamp an [uncursed +0] pick-axe 2 [uncursed] red gems [ruby] an [uncursed] violet gem [amethyst] 2 [uncursed] yellowish brown gems [worthless glass] Spells known in the end: Name Level Category Fail Memory Your skills at the end: Fighting Skills Weapon Skills sling [Basic / Skilled] Spellcasting Skills Final Attributes: You were piously aligned. Hunger level was 744. Your alignment was 20 / 20. Monster difficulty range was 1 - 6. Level difficulty was 6. You were immune to poison. You were immune to level-drain. You were immune to sickness. You were punished. You could fly. You could survive without air. You regenerated. Your luck was zero. You are dead. Vanquished creatures: a werewolf 11 Uruk-hai 3 enormous rats a rock mole 2 gnome lords a paper golem 5 dwarves a kobold lord a centipede a wererat an iguana an acid blob a hobbit 2 giant rats 2 green molds 15 gnomes 5 garter snakes 5 gnome zombies a gecko 5 jackals 2 kobolds a sewer rat 3 grid bugs a lichen a kobold zombie 2 newts 75 creatures vanquished. Voluntary challenges: You went without food. You never hit with a wielded weapon. You read items or engraved 1 time. You put on armor 5 times. You never genocided any monsters. You never polymorphed an object. You never changed form. You used no wishes. You abstained from Elbereth's help. You never encountered a bones level. You never used any Sokoban shortcuts. Dungeon overview: The Dungeons of Doom: levels 1 to 4 Level 1 a long staircase Level 2 some fountains Level 3 a general store Level 4 a fountain stairs to The Gnomish Mines The Gnomish Mines: levels 5 to 6 Level 5 stairs to The Dungeons of Doom Level 6 <- You were here History has recorded: On T:1 you entered the Dungeons of Doom to retrieve the Amulet of Yendor! On T:257 you reached level 2 of The Dungeons of Doom. On T:295 you reached level 3 of The Dungeons of Doom. On T:645 you advanced to experience level 2. On T:808 you advanced to experience level 3. On T:1038 you advanced to experience level 4. On T:1319 you reached level 4 of The Dungeons of Doom. On T:1379 you advanced to experience level 5. On T:1625 you reached level 1 of The Gnomish Mines. On T:1660 you advanced to experience level 6. On T:1960 you advanced to experience level 7. On T:2017 you reached level 2 of The Gnomish Mines. Latest messages: You miss the plains centaur. You bite the plains centaur. The ghoul hits! You are frozen by the ghoul! The ghoul hits! The plains centaur swings her crossbow. The plains centaur hits! The plains centaur kicks! The gnome hits! [HP-12=26] The plains centaur swings her crossbow. The plains centaur hits! The plains centaur kicks! The plains centaur swings her crossbow. The plains centaur hits! The plains centaur kicks! [HP-15=11] The ghoul hits! (2x) The plains centaur swings her crossbow. The plains centaur hits! The plains centaur kicks! You die... The sack is empty. Final status: Goodbye Yev-Ruu the Convict... You died in The Gnomish Mines on dungeon level 6 with 2856 points, and 471 pieces of gold, after 2061 moves. You were level 7 with a maximum of 75 hit points when you died.